 Dungeon Crawl Stone Soup version 0.27.1-1-g398f81649c (webtiles) character file.

Game seed: 17089714608788144884

14 Descartes the Sneak (level 2, 0/21 HPs)
             Began as an Octopode Wanderer on Sept 16, 2021.
             Slain by a frilled lizard (2 damage)
             ... on level 1 of the Dungeon.
             The game lasted 00:01:34 (615 turns).

Descartes the Sneak (Octopode Wanderer)              Turns: 615, Time: 00:01:35

Health: 0/21       AC:  1    Str: 13    XL:     2   Next: 41%
Magic:  0/5        EV: 12    Int: 13    God:
Gold:   49         SH:  0    Dex: 10    Spells: 4/5 levels left

rFire    . . .     SeeInvis .   b - +0 dagger
rCold    . . .     Faith    .   (no shield)
rNeg     . . .     Spirit   .   (helmet restricted)
rPois    .         Reflect  .   (no amulet)
rElec    .         Harm     .   (no ring)
rCorr    .         Rampage  .   (no ring)
Will     .....                  (no ring)
Stlth    +++.......             (no ring)
HPRegen  0.07/turn              (no ring)
MPRegen  0.09/turn              (no ring)
                                (no ring)
                                (no ring)

@: very slightly contaminated
A: almost no armour, amphibious, 8 rings, camouflage 1, gelatinous body 1,
(nimble swimmer 1), tentacles
a: no special abilities


You were on level 1 of the Dungeon.
You visited 1 branch of the dungeon, and saw 1 of its levels.

You collected 49 gold pieces.

Inventory:

Hand Weapons
 a - a +0 hand axe
 b - a +0 dagger (weapon)
Missiles
 d - 15 poisoned darts (quivered)
Potions
 c - a potion of lignification {unknown}


   Skills:
 - Level 3.0 Fighting
 - Level 0.1 Short Blades
 - Level 2.0 Crossbows
 + Level 0.7 Dodging
 + Level 3.1 Stealth
 - Level 2.0 Spellcasting
 + Level 0.8 Transmutations
 + Level 1.7 Poison Magic


You had 4 spell levels left.
You knew the following spells:

 Your Spells              Type           Power      Damage    Failure   Level
a - Sting                 Tmut/Pois      16%        1d3       16%         1

Your spell library contained the following spells:

 Spells                   Type           Power      Damage    Failure   Level
 Magic Dart               Conj           4%         1d3       26%         1
 Blink                    Tloc           N/A        N/A       36%         2
 Call Imp                 Summ           1%         N/A       36%         2
 Slow                     Hex            1%         N/A       36%         2
 Mephitic Cloud           Conj/Pois/Air  2%         N/A       52%         3
 Conjure Flame            Conj/Fire      1%         6-21      58%         3


Dungeon Overview and Level Annotations

Branches:
Dungeon (1/15)

Altars:


Innate Abilities, Weirdness & Mutations

You cannot wear most types of armour.
You are amphibious.
You can wear up to eight rings at the same time.
Your skin changes colour to match your surroundings (Stealth+).
Your rubbery body absorbs attacks. (AC +1, EV +1)
((You are camouflaged near water. (Stealth+)))
You have tentacles for arms and can constrict up to eight enemies at once.


Message History

Aim: a hobgoblin (64% to hit)
The sting hits the hobgoblin but does no damage.
The hobgoblin is poisoned.
Casting: Sting (safe; 16% risk of failure)
Confirm with . or Enter, or press ? or * to list all spells.
Aiming: Sting (safe; 16% risk of failure)
Press: ? - help, Shift-Dir - straight line, f/p - hobgoblin
Aim: a hobgoblin (severely wounded, poisoned, 64% to hit)
The sting misses the hobgoblin.
You kill the hobgoblin!
Casting: Sting (safe; 16% risk of failure)
Confirm with . or Enter, or press ? or * to list all spells.
Aiming: Sting (safe; 16% risk of failure)
Press: ? - help, Shift-Dir - straight line, f - endoplasm
Aim: an endoplasm (97% to hit)
The sting hits the endoplasm.
The endoplasm partially resists.
The endoplasm is poisoned.
The endoplasm is lightly wounded.
The endoplasm looks more healthy.
Casting: Sting (safe; 16% risk of failure)
Confirm with . or Enter, or press ? or * to list all spells.
Aiming: Sting (safe; 16% risk of failure)
Press: ? - help, Shift-Dir - straight line, f/p - endoplasm
Aim: an endoplasm (heavily wounded, 97% to hit)
You miscast Sting.
You are very lightly contaminated with residual magic.
Nothing appears to happen.
The endoplasm freezes you.
You are frozen.
* * * LOW HITPOINT WARNING * * *
Your magical contamination has completely faded away.
Casting: Sting (safe; 16% risk of failure)
Confirm with . or Enter, or press ? or * to list all spells.
Aiming: Sting (safe; 16% risk of failure)
Press: ? - help, Shift-Dir - straight line, f/p - endoplasm
Aim: an endoplasm (moderately wounded, 97% to hit)
You miscast Sting.
You are very lightly contaminated with residual magic.
Nothing appears to happen.
The frilled lizard bites you.
You die...

###.###.# ♣....
....♣ ##....>..#
♣..... .....##
#..#...#.#
♣#♣#♣.♣.###♣#.
#.#....#.# ♣.# #..
#.#...#..#
.♣♣####..
#.#.....## ........
#.......## ##....
####..##.#..#
###....
#.....##.##@#
#...l..
##.#..###.##l##
#.#.)..
###..#..##..##J.##
#†#....
#...†......####..##
#.#....
#..........#
##..#######.#####
#.........##
#..........#
#.........#
#.....)....#
###....####
#.....)....# ######
#..........#


You could see an endoplasm and a frilled lizard.

Vanquished Creatures
  2 ball pythons (D:1)
  2 endoplasms (D:1)
  A giant cockroach (D:1)
  2 hobgoblins (D:1)
  A frilled lizard (D:1)
  4 kobolds (D:1)
  A rat (D:1)
13 creatures vanquished.

Notes
Turn   | Place    | Note
-------+----------+-------------------------------------------
     0 | D:1      | Descartes the Octopode Wanderer began the quest for the
                  | Orb.
     0 | D:1      | Descartes set off with the following items: a +0 hand axe,
                  | a +0 dagger; and the following spells available to
                  | memorise: Sting, Magic Dart, Blink, Call Imp, Slow,
                  | Mephitic Cloud, Conjure Flame
     0 | D:1      | Reached XP level 1. HP: 16/16 MP: 3/3
     2 | D:1      | Learned a level 1 spell: Sting
   402 | D:1      | Reached XP level 2. HP: 18/21 MP: 5/5
   608 | D:1      | HP: 1/21 [frozen (4)]
   615 | D:1      | Slain by a frilled lizard

Illustrated notes

Levels and vault maps discovered:
D:1:      saegor_arrival_under_anarchy, layout_rooms, serial_shops, shop

Skill      XL: |  1 |
---------------+----+-----
Stealth        | 3 |  3.1
Fighting       | |  3.0
Short Blades   | |  0.1
Crossbows      | |  2.0
Dodging        | |  0.7
Spellcasting   | |  2.0
Transmutations | |  0.8
Poison Magic   | |  1.7

Action                   || total
-------------------------++-------
Melee: Dagger            ||    25
       Constrict         ||     5
       Tentacles         ||     5
 Cast: Sting             ||     5
 Stab: Sleeping          ||     1
Armor: Skin              ||     1
Dodge: Dodged            ||    13
